 Dungeon Crawl Stone Soup version 0.30-a0-757-ga6a79fd877 (webtiles) character file.

Game seed: 417470607320998910

18 Newt the Shooter (level 2, 0/19 HPs)
             Began as a Kobold Hunter on Feb 9, 2023.
             Slain by a hobgoblin (4 damage)
             ... on level 1 of the Dungeon.
             The game lasted 00:00:18 (253 turns).

Newt the Shooter (Kobold Hunter)                     Turns: 253, Time: 00:00:18

Health: 0/19       AC:  3    Str:  8    XL:     2   Next: 90%
Magic:  2/2        EV: 14    Int: 10    God:
Gold:   21         SH:  0    Dex: 18    Spells: 1/1 levels left

rFire   . . .      SeeInvis .    a - +0 shortbow
rCold   . . .      Faith    .    (shield currently unavailable)
rNeg    . . .      Spirit   .    c - +0 leather armour
rPois   .          Reflect  .    (no helmet)
rElec   .          Harm     .    (no cloak)
rCorr   .          Rampage  .    (no gloves)
Will    .....                    (no boots)
Stlth   +++                      (no amulet)
HPRegen 0.23/turn                (no ring)
MPRegen 0.08/turn                (no ring)

@: no status effects
A: small, no large weapons, nightstalker 3
a: no special abilities


You were on level 1 of the Dungeon.
You visited 1 branch of the dungeon, and saw 1 of its levels.

You collected 21 gold pieces.

Inventory:

Hand Weapons
 a - a +0 shortbow (weapon)
Armour
 c - a +0 leather armour (worn)
Scrolls
 b - a scroll of immolation
 d - a scroll of teleportation {unknown}
 e - a scroll of acquirement {unknown}


   Skills:
 + Level 3.5 Fighting
 - Level 5.3 Ranged Weapons
 - Level 2.4 Dodging
 - Level 1.3 Stealth


You had one spell level left.
You didn't know any spells.
Your spell library was empty.

Dungeon Overview and Level Annotations

Branches:
Dungeon (1/15)

Altars:


Innate Abilities, Weirdness & Mutations

You are small and have problems with some larger weapons.
You are completely attuned to the shadows.


Message History

You are too injured to fight recklessly!
You are too injured to fight recklessly!
You are too injured to fight recklessly!
You are too injured to fight recklessly!
You are too injured to fight recklessly!
You are too injured to fight recklessly!
You are too injured to fight recklessly!
You are too injured to fight recklessly!
You are too injured to fight recklessly!
You are too injured to fight recklessly!
You are too injured to fight recklessly!
You are too injured to fight recklessly!
You are too injured to fight recklessly!
You are too injured to fight recklessly!
Unknown command.
The rat attacks as you move away! The rat misses you.
The rat attacks as you move away! The rat bites you. The hobgoblin hits you.
* * * LOW HITPOINT WARNING * * *
You shoot an arrow. The arrow hits the hobgoblin.
You kill the hobgoblin!
The rat bites you.
* * * LOW HITPOINT WARNING * * *
You shoot an arrow. The arrow closely misses the rat.
The rat bites you.
* * * LOW HITPOINT WARNING * * *
You shoot an arrow. The arrow hits the rat!
You kill the rat!
The kobold barely misses you.
You shoot an arrow. The arrow hits the kobold.
You kill the kobold!
A bat comes into view.
You shoot an arrow. The arrow barely misses the hobgoblin.
The arrow hits the ball python.
The ball python is heavily wounded.
The bat misses you.
The hobgoblin hits you but does no damage.
You shoot an arrow. The arrow closely misses the hobgoblin.
The arrow barely misses the ball python.
The bat hits you but does no damage. The hobgoblin barely misses you.
The hobgoblin hits you.
You die...

######## #......#
###......##############
......................
###...S..##############
.....#g### #.........
.###.#@# #.#######.
...Kg#.# #####.#.....#.
....)... ......#.......
.....#b#######.####....
.:.....# ####.........
.....####....
.......##....
.....#.##....
.......##....


You could see a hobgoblin, a bat and a ball python.

Vanquished Creatures
  2 endoplasms (D:1)
  A goblin (D:1)
  2 hobgoblins (D:1)
  5 jackals (D:1)
  2 bats (D:1)
  2 frilled lizards (D:1)
  A kobold (D:1)
  2 rats (D:1)
17 creatures vanquished.

Notes
Turn   | Place    | Note
-------+----------+-------------------------------------------
     0 | D:1      | Newt the Kobold Hunter began the quest for the Orb.
     0 | D:1      | Reached XP level 1. HP: 12/12 MP: 1/1
    55 | D:1      | Reached XP level 2. HP: 18/18 MP: 2/2
   253 | D:1      | Slain by a hobgoblin

Illustrated notes

Levels and vault maps discovered:
D:1:      lemuel_arrival_room, layout_basic

Skill      XL: |  1  2 |
---------------+-------+-----
Fighting       | 3 |  3.5
Ranged Weapons | |  5.3
Dodging        | |  2.4
Stealth        | |  1.3

Action                     || total
---------------------------++-------
   Fire: Shortbow          ||    37
 Armour: Leather armour    ||     6
  Dodge: Dodged            ||    18

Table legend: (Time is in decaauts)
 A = Elapsed time spent in this place.
 B = Non-inter-level travel time spent in this place.
 C = Inter-level travel time spent in this place.
 D = Time resting spent in this place.
 E = Time spent auto-exploring this place.
 F = Levels seen in this place.
 G = Mean time per level.
                   A        B        C        D        E       F      G
               +--------+--------+--------+--------+--------+-----+--------+
         Total |    263 |    263 |      0 |      0 |    196 |   1 |  263.0 |
       Dungeon |    263 |    263 |      0 |      0 |    196 |   1 |  263.0 |
               +--------+--------+--------+--------+--------+-----+--------+

Top non-repeatable levels by time:
     D:1: 263 daAuts
